 Dungeon Crawl Stone Soup version 0.19.0-24-gb05acd6 (webtiles) character file.

2068 Nimsei the Basher (level 9, 0/66 HPs)
             Began as a Demonspawn Gladiator on Nov 21, 2016.
             Was an Initiate of Nemelex Xobeh.
             Shot with an arrow by a centaur (1 damage)
             ... on level 8 of the Dungeon.
             The game lasted 00:31:15 (3962 turns).

Nimsei the Basher (Demonspawn Gladiator)            Turns: 3962, Time: 00:31:16

Health: 0/66       AC: 20    Str: 18    XL:     9   Next: 5%
Magic:  3/3        EV: 15    Int: 10    God:    Nemelex Xobeh [......]
Gold:   202        SH:  0    Dex: 19    Spells: 0 memorised, 8 levels left

rFire  . . .     SeeInvis .     t - +1 dire flail (antimagic)
rCold  . . .     Gourm    .     n - +3 chain mail
rNeg   . . .     Faith    .     (shield currently unavailable)
rPois  .         Spirit   .     c - +0 helmet
rElec  .         Reflect  .     (no cloak)
rCorr  .         Harm     .     a - +1 pair of gloves
MR     .....                    s - +0 pair of boots
Stlth  ..........               (no amulet)
                                (no ring)
                                (no ring)

@: agile, lethally poisoned (0 -> -1)
A: slimy green scales 2, foul stench 2, rot immunity
a: Renounce Religion


You were on level 8 of the Dungeon.
You worshipped Nemelex Xobeh.
Nemelex Xobeh was noncommittal.
You were not hungry.

You visited 1 branch of the dungeon, and saw 8 of its levels.

You collected 202 gold pieces.

Inventory:

Hand Weapons
 b - a +3 mace
 j - a +1 dire flail of flaming
 m - a +0 whip of draining
 t - a +1 antimagic dire flail (weapon)
 v - a +0 whip of electrocution
 D - a +3 dagger of chaos
Missiles
 d - a throwing net (quivered)
Armour
 a - a +1 pair of gloves (worn)
 c - a +0 helmet (worn)
 e - a +2 pair of gloves
 n - a +3 chain mail (worn)
 s - a +0 pair of boots (worn)
Magical Staves
 u - an uncursed staff of earth {unknown}
Wands
 l - a wand of paralysis (10/24)
 r - a wand of digging (9/24)
 y - a wand of random effects (26/48)
Scrolls
 k - a scroll of immolation {unknown}
 w - a scroll of summoning {unknown}
 C - a scroll of amnesia
Books
 o - a book of Changes

   Spells                             Type                      Level
   a - Beastly Appendage              Transmutation                1
   b - Sticks to Snakes               Transmutation                2
   c - Spider Form                    Transmutation/Poison         3
   d - Ice Form                       Ice/Transmutation            4
   e - Blade Hands                    Transmutation                5
 x - a book of Necromancy

   Spells                             Type                      Level
   a - Pain                           Necromancy                   1
   b - Animate Skeleton               Necromancy                   1
   c - Vampiric Draining              Necromancy                   3
   d - Regeneration                   Charms/Necromancy            3
   e - Animate Dead                   Necromancy                   4
   f - Control Undead                 Necromancy                   4
Miscellaneous
 h - a plain deck of escape {drawn: 2}
 A - a plain deck of destruction {drawn: 3}
Comestibles
 f - 4 bread rations
 g - a beef jerky
 p - 2 meat rations
 q - a slice of pizza
 E - 10 chunks of flesh


   Skills:
 + Level 4.5 Fighting
 + Level 8.5 Maces & Flails
 + Level 1.8 Throwing
 + Level 4.8 Armour
 + Level 4.1 Dodging
 + Level 1.3 Stealth
 + Level 1.0 Invocations


You had 8 spell levels left.
You didn't know any spells.

Dungeon Overview and Level Annotations

Branches:
Dungeon (8/15)
 Temple: D:4-7         Lair: D:8-11

Altars:
Nemelex Xobeh

Annotations:
D:6 Sigmund


Innate Abilities, Weirdness & Mutations

You are mostly covered in slimy green scales. (AC +3)
You frequently emit foul miasma when damaged in melee.
You are immune to rotting.


Message History

* * * LOW HITPOINT WARNING * * *
The centaur barely misses you. The killer bee barely misses you.
The killer bee stings you but does no damage.
The centaur hits you.
* * * LOW HITPOINT WARNING * * *
The killer bee misses you.
You feel sick. The killer bee misses you. The centaur closely misses you.
The killer bee stings you but does no damage.
The killer bee barely misses you.
The centaur hits you but does no damage.
You feel sick. The killer bee completely misses you.
Okay, then.
You draw a card...
It is the Shaft.
A shaft materialises beneath you! The killer bee closely misses you.
The centaur barely misses you. The killer bee closely misses you.
The centaur hits you.
* * * LOW HITPOINT WARNING * * *
The killer bee is sucked into a shaft!
The shaft crumbles and collapses.
The centaur wields a shortbow.
The centaur shoots an arrow.
The arrow hits you.
You die...
Your body disappears without a glow.

#.#.......#####.....####.......#y
#.#.......#....#...............#†
.......####.##.#.........#####.#.
.......# #.##.#.#.#####.#####.#.
.......# #.##.#.#.##..........#.
.......####.##.#.#.##.##.#######.
.................#.##.###......))
,,,,....###.##....c....o(....o...
,,,,..,,**#.#...@§....o...#....##
,,,,,....##.#...##a#.#########...
*****#...........#(#.### #... *
#....#.#.......<..# #... *
#......#.####.#.#.# #... *
#..#...#.# #.#.#.# #... *
#..#.#.#.####.#.#.# #... *
#.,....#......#...# #...
*****#,##.############## ##..


You could see an orc warrior, a centaur, a worker ant and an orc.

Vanquished Creatures
  Psyche (D:8)
  Edmund (D:4)
  4 orc warriors
  An ice beast (D:8)
  A sky beast (D:8)
  2 ogres
  A big kobold (D:7)
  A bullfrog (D:7)
  A gnoll sergeant (D:5)
  A scorpion (D:6)
  2 killer bees (D:8)
  2 crimson imps
  A quasit (D:8)
  A hound (D:4)
  An orc priest (D:5)
  A bullfrog skeleton (D:5)
  2 orc wizards
  A gnoll shaman (D:5)
  2 worker ants (D:4)
  11 gnolls
  2 adders
  3 oozes
  A worm (D:2)
  A dart slug (D:1)
  4 leopard geckos
  20 orcs
  A ball python (D:2)
  3 bats
  A giant cockroach (D:3)
  3 goblins
  3 hobgoblins
  12 jackals
  6 kobolds
  2 quokkas
  A frilled lizard (D:5)
  A giant cockroach zombie (D:5)
  2 jackal skeletons
  A leopard gecko zombie (D:7)
  4 rats
109 creatures vanquished.

Vanquished Creatures (others)
  An orc priest (D:8)
1 creature vanquished.

Grand Total: 110 creatures vanquished

Notes
Turn   | Place    | Note
-------+----------+-------------------------------------------
     0 | D:1      | Nimsei the Demonspawn Gladiator began the quest for the Orb.
     0 | D:1      | Reached XP level 1. HP: 16/16 MP: 1/1
    69 | D:1      | Gained mutation: You are partially covered in slimy green scales. (AC +2) [demonic ancestry]
    69 | D:1      | Reached XP level 2. HP: 13/22 MP: 2/2
   229 | D:1      | Reached skill level 3 in Maces & Flails
   587 | D:2      | Gained mutation: You are immune to rotting. [demonic ancestry]
   587 | D:2      | Reached XP level 3. HP: 21/27 MP: 3/3
  1184 | D:3      | Gained mutation: You are mostly covered in slimy green scales. (AC +3) [demonic ancestry]
  1184 | D:3      | Reached XP level 4. HP: 21/33 MP: 4/4
  1199 | D:4      | Noticed Edmund
  1218 | D:4      | Reached skill level 1 in Armour
  1222 | D:5      | Entered Level 5 of the Dungeon
  1246 | D:4      | Killed Edmund
  1246 | D:4      | Reached skill level 4 in Maces & Flails
  1246 | D:4      | Gained mutation: You may emit foul miasma when damaged in melee. [demonic ancestry]
  1246 | D:4      | Reached XP level 5. HP: 39/39 MP: 5/5
  1400 | D:4      | Reached skill level 1 in Stealth
  1452 | D:4      | Reached XP level 6. HP: 45/46 MP: 6/6
  1493 | D:4      | Reached skill level 5 in Maces & Flails
  2070 | D:5      | Reached XP level 7. HP: 37/52 MP: 7/7
  2281 | D:5      | Found a sparkling altar of Nemelex Xobeh.
  2291 | D:5      | Became a worshipper of Nemelex Xobeh the Trickster
  2320 | D:5      | Reached skill level 6 in Maces & Flails
  2468 | D:6      | Noticed Sigmund
  2524 | D:7      | Received a gift from Nemelex Xobeh
  2833 | D:7      | Reached skill level 7 in Maces & Flails
  2833 | D:7      | Gained mutation: You frequently emit foul miasma when damaged in melee. [demonic ancestry]
  2833 | D:7      | Reached XP level 8. HP: 36/58 MP: 8/8
  3525 | D:8      | Noticed Psyche
  3527 | D:8      | Received a gift from Nemelex Xobeh
  3532 | D:8      | Paralysed by Psyche for 5 turns
  3545 | D:8      | Killed Psyche
  3545 | D:8      | Reached skill level 8 in Maces & Flails
  3752 | D:8      | Reached skill level 1 in Invocations
  3922 | D:8      | Reached XP level 9. HP: 30/66 MP: 3/9
  3961 | D:8      | HP: 1/66 [centaur (4)]
  3962 | D:8      | Shot with an arrow by a centaur

Skill      XL: |  1  2  3  4  5  6  7  8 |
---------------+-------------------------+-----
Dodging        | 3 4 |  4.1
Maces & Flails | 3 4 5 7 8 |  8.5
Armour         | 1 2 3 4 |  4.8
Stealth        | 1 |  1.3
Fighting       | 3 4 |  4.5
Invocations    | 1 |  1.0
Throwing       | |  1.8

Action                   |  1- 3 |  4- 6 |  7- 9 || total
-------------------------+-------+-------+-------++-------
Melee: Flail             |    80 |       |       ||    80
       Whip              |    43 |    26 |       ||    69
       Dire flail        |       |    91 |   227 ||   318
Throw: Throwing net      |       |       |     2 ||     2
Evoke: Deck              |       |       |     5 ||     5
  Use: Scroll            |     8 |     3 |     8 ||    19
       Potion            |       |    10 |     4 ||    14
 Stab: Distracted        |     1 |       |       ||     1
  Eat: Chunk             |     1 |     4 |     4 ||     9
       Pizza             |       |       |     1 ||     1
Armor: Leather armour    |    10 |       |       ||    10
       Chain mail        |    69 |    97 |   232 ||   398
       Skin              |       |    14 |       ||    14
Dodge: Dodged            |    56 |    70 |   174 ||   300
